 Dungeon Crawl Stone Soup version 0.20-a0-941-gba1b1f9 (webtiles) character file.

592 Alarkh the Ruffian (level 7, 60/60 HPs)
             Began as a Yellow Draconian Monk on Mar 31, 2017.
             Quit the game on level 5 of the Dungeon.
             The game lasted 00:02:30 (2785 turns).

Alarkh the Ruffian (Yellow Draconian Monk)          Turns: 2785, Time: 00:02:31

Health: 60/60      AC:  7    Str: 14    XL:     7   Next: 16%
Magic:  7/7        EV: 19    Int: 12    God:
Gold:   77         SH:  0    Dex: 21    Spells: 6/6 levels left

rFire    . . .     SeeInvis .     - Unarmed
rCold    . . .     Gourm    .   (no shield)
rNeg     . . .     Faith    .   (armour unavailable)
rPois    .         Spirit   .   (helmet restricted)
rElec    .         Reflect  .   (no cloak)
rCorr    +         Harm     .   q - +0 pair of gloves
MR       .....                  (no boots)
Stlth    ++++......             (no amulet)
Regen    0.2/turn               k - +3 ring of dexterity
MPRegen  0.1/turn               (no ring)

@: agile, starving
A: spit acid, acid resistance, unfitting armour, cold-blooded, AC +6
a: Breathe Acid


You were on level 5 of the Dungeon.
You were starving.

You visited 1 branch of the dungeon, and saw 6 of its levels.

You collected 77 gold pieces.

Inventory:

Armour
 q - a +0 pair of gloves (worn)
Jewellery
 k - a +3 ring of dexterity (left hand)
Scrolls
 e - a scroll of identify
 g - a scroll of remove curse {unknown}
 h - a scroll of amnesia
 i - a scroll of noise {unknown}
 j - a scroll of enchant armour {unknown}
 o - a scroll of teleportation {unknown}
Potions
 c - a potion of lignification {unknown}
 d - a potion of haste {unknown}
 f - a potion of cancellation {unknown}
 l - a potion of agility
 m - a potion of degeneration {unknown}
 n - 2 potions of mutation {unknown}
 p - a potion of berserk rage {unknown}
Comestibles
 a - 2 bread rations
 b - a fruit
 r - a royal jelly


   Skills:
 - Level 4.3 Fighting
 - Level 3.6 Dodging
 - Level 3.6 Stealth
 + Level 7.6 Unarmed Combat


You had 6 spell levels left.
You didn't know any spells.

Dungeon Overview and Level Annotations

Branches:
Dungeon (6/15)
 Temple: D:4-7

Altars:
Yredelemnul

Annotations:
D:6 Duffy's ghost, amateur DsFi


Innate Abilities, Weirdness & Mutations

You can spit globs of acid.
You are resistant to acid.
Your golden yellow scales are hard. (AC +6)
You cannot fit into any form of body armour.
You are cold-blooded and may be slowed by cold attacks.


Message History

You punch the ogre!
The ogre is moderately wounded.
The ogre misses you.
You punch the ogre!
Your tail-slap misses the ogre.
The ogre is severely wounded.
The ogre misses you.
You hit the ogre but do no damage.
The ogre is severely wounded.
You punch the ogre!
You kill the ogre!
You have reached level 7!
Your scales start taking on a golden yellow colour.
You can spit globs of acid.
You are resistant to acid.
You are starving!
Things that are here:
a giant club; an ogre corpse Are you sure you want to abandon this character and quit the game? (Confirm with "yes".)
Okay, then.
Unknown command.
Are you sure you want to abandon this character and quit the game? (Confirm with "yes".)

.........#...#
............#
...........# .
>......#...# ..
.......##..# ##...
......###..# ##.....
.......##..######......#
####........##.........#
##...........@......#
##..#####....##....#
#..## ##...# ..# #..#
#...... # ##.## #.......
#..# #...###.. ##.##
##.## . ##..## #.#
##....##


There were no monsters in sight!

Vanquished Creatures
  An ogre (D:5)
  2 bullfrogs (D:6)
  Dowan (D:6)
  A scorpion (D:6)
  A crimson imp (D:5)
  2 hounds
  An orc priest (D:6)
  An orc wizard (D:6)
  An iguana (D:5)
  A worker ant (D:4)
  3 adders
  A shadow imp (D:6)
  An ooze (D:2)
  2 adder skeletons
  A worm (D:4)
  4 leopard geckos
  4 orcs (D:6)
  A bat (D:1)
  A giant cockroach (D:2)
  2 hobgoblins (D:1)
  2 jackals (D:1)
  A frilled lizard (D:1)
  6 goblins
  A kobold (D:2)
  A leopard gecko skeleton (D:5)
  5 rats (D:1)
48 creatures vanquished.

Notes
Turn   | Place    | Note
-------+----------+-------------------------------------------
     0 | D:1      | Alarkh the Draconian Monk began the quest for the Orb.
     0 | D:1      | Reached XP level 1. HP: 22/22 MP: 1/1
    70 | D:1      | Reached skill level 1 in Unarmed Combat
   212 | D:1      | Reached XP level 2. HP: 27/28 MP: 2/2
   332 | D:1      | Reached skill level 2 in Unarmed Combat
   712 | D:2      | Reached XP level 3. HP: 27/34 MP: 3/3
   835 | D:3      | Reached skill level 3 in Unarmed Combat
  1032 | D:4      | Reached XP level 4. HP: 27/41 MP: 4/4
  1153 | D:4      | Reached skill level 4 in Unarmed Combat
  1415 | D:5      | Entered Level 5 of the Dungeon
  1728 | D:6      | Noticed a bullfrog
  1738 | D:6      | Killed a bullfrog
  1738 | D:6      | Reached skill level 5 in Unarmed Combat
  1738 | D:6      | Reached XP level 5. HP: 34/47 MP: 5/5
  1860 | D:6      | Noticed Dowan
  1885 | D:6      | Killed Dowan
  2025 | D:6      | Reached skill level 6 in Unarmed Combat
  2025 | D:6      | Reached XP level 6. HP: 53/53 MP: 6/6
  2301 | D:6      | Found a basalt altar of Yredelemnul.
  2378 | D:6      | Noticed Duffy's ghost (amateur DsFi)
  2492 | D:5      | Reached skill level 7 in Unarmed Combat
  2782 | D:5      | Your scales start taking on a golden yellow colour.
  2782 | D:5      | Reached XP level 7. HP: 60/60 MP: 7/7
  2785 | D:5      | Quit the game

Vault maps used:
D:1:      dpeg_arrival_windows_large_door
D:3:      lemuel_doored_altar
D:4:      fedhas_altar_2, kennysheep_mini, temple_green, uniq_edmund
D:5:      first_bread
D:6:      gammafunk_temple_overflow_forgotten, uniq_duvessa

Skill      XL: |  1  2  3  4  5  6 |
---------------+-------------------+-----
Unarmed Combat | 1 2 3 5 6 7 |  7.6
Fighting       | |  4.3
Dodging        | |  3.6
Stealth        | |  3.6

Action                   |  1- 3 |  4- 6 |  7- 9 || total
-------------------------+-------+-------+-------++-------
Melee: Unarmed           |   102 |   137 |       ||   239
       Tailslap          |    12 |    32 |       ||    44
       Punch             |       |     3 |       ||     3
  Use: Scroll            |       |     2 |       ||     2
       Potion            |       |     2 |       ||     2
 Stab: Sleeping          |     6 |     2 |       ||     8
  Eat: Chunk             |       |     4 |       ||     4
Armor: Skin              |    26 |    25 |       ||    51
Dodge: Dodged            |    60 |    68 |       ||   128
